Map: Nightshade LE

Players

LiquidMaNa (MaNa) - Winner!

  • Race: Protoss Protoss
  • League: Grandmaster
  • Spawn Location: 11:00

ShoWTimE

  • Race: Protoss Protoss
  • League: Master
  • Spawn Location: 5:00

Event: StayAtHomestory Cup #1

VOD

Have the link to the VOD?

Description

Time

  • Played on: April 10, 2020, 7:04 a.m.
  • Length: 12:20

All games in this series

Show
View Real Time Build Order
Export as new Build Order

LiquidMaNa Protoss - Winner!

Build Orders: Phoenix Opening 

Get SALT Encoding   

  12  0:00  Probe  
  13  0:12  Probe  
  14  0:17  Pylon  
  14  0:24  Probe (Chrono Boost)  
  15  0:37  Probe (Chrono Boost)  
  15  0:39  Gateway  
  16  0:44  Probe (Chrono Boost)  
  16  0:48  Assimilator  
  17  0:51  Probe  
  18  1:03  Probe (Chrono Boost)  
  19  1:04  Assimilator  
  19  1:10  Gateway  
  19  1:12  Probe (Chrono Boost)  
  19  1:17  Probe (Chrono Boost)  
  21  1:26  Cybernetics Core  
  21  1:29  Probe  
  22  1:40  Pylon  
  22  1:41  Probe  
  23  2:02  Stalker  
  23  2:03  Sentry  
  23  2:06  Warp Gate  
  27  2:09  Pylon  
  27  2:30  Stalker  
  27  2:35  Nexus  
  29  2:45  Phoenix, Robotics Facility  
  29  2:48  Sentry  
  29  2:50  Probe  
  31  3:00  Stalker  
  31  3:03  Probe  
  34  3:10  Pylon  
  34  3:15  Probe  
  34  3:18  Sentry  
  38  3:30  Immortal (Chrono Boost)  
  41  3:40  Pylon  
  41  3:43  Probe  
  42  3:55  Probe  
  40  3:58  Warp Prism (Chrono Boost)  
  40  3:59  Sentry  
  44  4:04  Adept  
  46  4:14  Gateway  
  46  4:28  Adept x2  
  50  4:35  Probe x2  
  52  4:40  Robotics Bay  
  52  4:51  Adept x2  
  57  4:52  Probe  
  57  5:00  Pylon  
  57  5:24  Adept x3  
  55  5:32  Disruptor (Chrono Boost)  
  44  5:45  Probe x2  
  40  5:54  Stalker x3  
  40  5:57  Probe x2  
  42  6:04  Warp Prism (Chrono Boost)  
  44  6:12  Twilight Council  
  44  6:18  Zealot x2  
  48  6:20  Adept  
  48  6:21  Probe  
  48  6:23  Probe  
  50  6:34  Probe  
  50  6:36  Probe  
  52  6:41  Stalker  
  52  6:42  Stalker  
  52  6:44  Adept  
  52  6:46  Probe  
  59  6:51  Resonating Glaives (Chrono Boost)  
  59  6:57  Gateway  
  59  7:02  Gateway  
  59  7:12  Probe  
  59  7:14  Pylon  
  60  7:20  Shield Battery  
  60  7:28  Zealot  
  57  7:43  Adept x2  
  62  7:45  Probe x2  
  62  7:50  Adept, Disruptor (Chrono Boost)  
  67  7:52  Adept  
  67  7:56  Shield Battery  
  68  8:01  Adept  
  68  8:02  Pylon  
  70  8:17  Pylon  
  70  8:20  Pylon  
  70  8:22  Adept x4  
  78  8:33  Assimilator  
  78  8:35  Pylon  
  78  8:45  Adept x5  
  72  9:10  Probe, Adept x5  
  71  9:17  Blink (Chrono Boost)  
  69  9:31  Assimilator  
  65  9:36  Immortal (Chrono Boost)  
  69  9:49  Stalker x2  
  69  9:53  Forge  
  69  9:59  Stalker x2  
  73  10:11  Warp Prism (Chrono Boost), Sentry  
  77  10:17  Stalker x2  
  79  10:33  Observer  
  79  10:36  Nexus  
  79  10:37  Pylon  
  80  10:47  Stalker x2  
  84  10:55  Adept x2  
  83  11:07  Stalker  
  81  11:16  Adept x3  
  87  11:19  Adept  
  89  11:29  Gateway  
  89  11:31  Disruptor  
  92  11:43  Adept x2  
  86  12:02  Stalker x3  
  84  12:11  Stalker  
Show
View Real Time Build Order
Export as new Build Order

ShoWTimE Protoss 

Build Orders: Phoenix Opening 

Get SALT Encoding   

  12  0:00  Probe  
  13  0:12  Probe  
  14  0:17  Pylon  
  14  0:24  Probe (Chrono Boost)  
  15  0:36  Gateway  
  15  0:37  Probe (Chrono Boost)  
  16  0:44  Probe (Chrono Boost)  
  16  0:47  Assimilator  
  17  0:51  Probe  
  17  0:54  Assimilator  
  18  1:03  Probe (Chrono Boost)  
  19  1:09  Gateway  
  19  1:13  Probe (Chrono Boost)  
  19  1:18  Probe (Chrono Boost)  
  20  1:23  Cybernetics Core  
  21  1:29  Probe  
  22  1:34  Pylon  
  22  1:41  Probe  
  23  1:55  Probe  
  23  1:59  Warp Gate, Stalker x2  
  28  2:07  Probe  
  29  2:13  Pylon  
  29  2:37  Adept x2  
  33  2:50  Nexus  
  33  2:53  Probe  
  34  3:02  Shield Battery  
  34  3:07  Sentry x2  
  38  3:14  Pylon  
  38  3:16  Probe  
  39  3:25  Robotics Facility  
  39  3:32  Probe  
  40  3:43  Phoenix  
  40  3:45  Probe  
  41  3:54  Sentry  
  41  3:56  Adept  
  41  3:57  Probe (Chrono Boost)  
  45  4:04  Probe (Chrono Boost)  
  45  4:07  Forge, Probe (Chrono Boost)  
  46  4:11  Probe (Chrono Boost)  
  46  4:13  Warp Prism (Chrono Boost)  
  46  4:14  Probe (Chrono Boost)  
  46  4:16  Probe (Chrono Boost)  
  50  4:23  Probe  
  51  4:33  Shield Battery, Stalker, Sentry  
  51  4:36  Shield Battery  
  54  4:42  Immortal (Chrono Boost)  
  58  4:46  Pylon  
  58  4:55  Pylon  
  58  4:57  Stalker  
  60  5:04  Stalker  
  62  5:16  Immortal (Chrono Boost)  
  66  5:23  Stalker, Probe  
  60  5:33  Probe  
  49  5:35  Probe  
  49  5:41  Stalker  
  44  5:46  Probe (Chrono Boost)  
  44  5:48  Phoenix, Probe (Chrono Boost)  
  44  5:56  Immortal (Chrono Boost)  
  40  6:00  Probe (Chrono Boost)  
  40  6:03  Probe (Chrono Boost)  
  46  6:05  Probe (Chrono Boost)  
  46  6:09  Probe  
  48  6:14  Probe  
  49  6:20  Twilight Council  
  49  6:21  Probe  
  50  6:26  Probe  
  50  6:32  Observer  
  52  6:33  Probe  
  52  6:36  Gateway  
  52  6:38  Probe  
  54  6:44  Assimilator  
  54  6:45  Probe  
  54  6:46  Assimilator  
  55  6:50  Probe  
  55  6:51  Blink (Chrono Boost)  
  56  6:57  Probe  
  57  7:02  Probe  
  58  7:09  Probe  
  58  7:11  Pylon  
  58  7:12  Stalker  
  58  7:14  Probe  
  60  7:22  Probe  
  61  7:27  Probe  
  61  7:28  Gateway  
  62  7:30  Gateway  
  62  7:34  Probe  
  59  7:39  Probe  
  59  7:42  Stalker x3  
  66  7:46  Probe  
  68  7:51  Pylon  
  69  8:03  Shield Battery  
  67  8:05  Shield Battery  
  67  8:08  Gateway  
  67  8:09  Stalker x3  
  73  8:22  Stalker  
  75  8:27  Stalker  
  75  8:28  Charge (Chrono Boost)  
  75  8:33  Stalker x3  
  83  8:55  Stalker x2  
  81  9:01  Stalker x3  
  62  9:18  Stalker x2  
  55  9:25  Stalker x3  
  59  9:44  Pylon  
  58  9:47  Probe x2  
  58  9:50  Pylon  
  60  10:00  Robotics Bay, Probe x2 (Chrono Boost)  
  60  10:02  Sentry  
  64  10:12  Probe x2 (Chrono Boost)  
  68  10:21  Probe x2 (Chrono Boost)  
  68  10:24  Sentry  
  68  10:26  Probe x2  
  72  10:30  Zealot x2  
  72  10:32  Zealot  
  78  10:36  Zealot  
  80  10:44  Disruptor (Chrono Boost)  
  83  10:54  Pylon  
  83  11:10  Disruptor (Chrono Boost)  
  83  11:11  Nexus  
  83  11:15  Pylon  
  78  11:21  Probe x2  
  80  11:25  Templar Archives  
  80  11:33  Probe x2  
  80  11:34  Zealot x2  
  86  11:42  Zealot x2  
  86  11:45  Zealot  
  91  11:59  Zealot x2  
  92  12:03  Stalker  
  92  12:06  Stalker  
  79  12:14  Zealot  
Tags
 
Add a new tag
Caveats
  • Supply blocks, unpowered buildings, or Contaminate may cause inaccurate times.
  • Supply counts are checked every 10 seconds.